Map: Orbital Shipyard

Players

lesha - Winner!

  • Race: Terran Terran
  • League: Gold

Complex

  • Race: Terran Terran
  • League: Gold

VOD

Have the link to the VOD?

Description

Time

  • Played on: Jan. 14, 2016, 7:34 a.m.
  • Length: 13:21
Show
View Real Time Build Order
Export as new Build Order

lesha Terran - Winner!

Build Orders: Reaper Expand, MMM Bio 

Get SALT Encoding   

  12  0:01  SCV  
  13  0:13  SCV  
  14  0:18  Supply Depot  
  14  0:25  SCV  
  15  0:39  SCV  
  15  0:41  Barracks  
  16  0:45  Refinery  
  16  0:51  SCV  
  17  1:04  SCV  
  18  1:16  SCV  
  19  1:29  Reaper  
  19  1:30  Orbital Command  
  20  1:42  Command Center  
  20  1:55  Supply Depot  
  20  1:59  SCV, Refinery  
  21  2:05  Marine  
  22  2:14  Factory  
  22  2:16  SCV  
  23  2:23  Barracks Reactor  
  23  2:28  SCV  
  24  2:40  SCV  
  24  2:54  Orbital Command  
  24  2:56  SCV  
  25  3:00  Factory Tech Lab  
  25  3:07  Barracks  
  25  3:08  Starport  
  25  3:10  SCV  
  26  3:18  Marine x2  
  28  3:22  SCV  
  28  3:24  SCV  
  30  3:28  Siege Tank  
  34  3:34  SCV  
  34  3:36  SCV  
  34  3:38  Barracks  
  35  3:46  SCV  
  36  3:49  Medivac  
  36  3:52  SCV  
  36  3:55  Marine x2  
  41  3:58  SCV  
  41  4:00  Barracks Tech Lab  
  42  4:04  SCV  
  43  4:15  Marine x2  
  45  4:18  Engineering Bay  
  45  4:20  Supply Depot  
  45  4:30  Marine  
  45  4:31  Barracks Reactor  
  46  4:33  Starport Reactor  
  46  4:37  Command Center  
  46  4:42  Marine x2  
  46  4:44  Siege Tank  
  51  4:46  SCV x2  
  53  4:55  Stimpack  
  53  5:10  Marine  
  54  5:30  SCV x2, Marine x3  
  54  5:32  Supply Depot  
  59  5:54  Supply Depot  
  53  6:12  Marine x2  
  53  6:13  Marine x3  
  53  6:15  Medivac x2  
  53  6:16  Siege Tank  
  65  6:21  SCV x2  
  67  6:27  Terran Infantry Weapons Level 1  
  67  6:39  Refinery  
  67  6:41  Refinery  
  67  6:42  Orbital Command  
  67  6:43  SCV x2  
  69  6:54  Marine x4  
  69  6:55  Combat Shields, SCV x2, Marine  
  69  7:00  Barracks  
  76  7:03  Barracks  
  76  7:07  SCV x2, Barracks  
  78  7:13  Engineering Bay  
  78  7:15  Armory  
  78  7:17  Supply Depot, Marine x4  
  78  7:19  Supply Depot x2  
  78  7:21  Supply Depot  
  84  7:23  Medivac, Marauder  
  86  7:34  SCV x2  
  86  7:35  SCV, Missile Turret x2  
  86  7:36  Missile Turret, Marine x4  
  93  7:39  Siege Tank  
  96  7:46  SCV  
  96  7:47  SCV x2  
  99  7:53  Missile Turret x3  
  99  7:54  Missile Turret  
  99  7:57  Marine x2  
  99  7:58  Barracks Reactor, Missile Turret x2, Marine  
  102  8:00  Barracks Reactor, Barracks Tech Lab, Missile Turret  
  102  8:04  Marauder, Marine  
  105  8:18  Terran Infantry Armor Level 1  
  105  8:25  SCV x3  
  108  8:28  Refinery  
  108  8:30  Refinery  
  108  8:32  Marine x3  
  108  8:33  Marine x3  
  114  8:35  Medivac x2  
  114  8:37  SCV  
  119  8:50  Marine x2  
  119  8:52  Marine x4  
  125  9:05  Supply Depot  
  125  9:06  Supply Depot x2  
  125  9:08  Supply Depot  
  125  9:27  Marine  
  96  9:57  Marine x2  
  96  9:58  Marine x6  
  96  9:59  Medivac  
  85  10:00  Medivac  
  106  10:01  Marauder x2  
  112  10:15  Marine x2  
  112  10:16  Terran Infantry Weapons Level 2  
  112  10:18  Terran Infantry Armor Level 2  
  112  10:19  SCV x3  
  116  10:31  SCV x3  
  119  10:36  Marine  
  119  10:37  Marine x6  
  119  10:38  Marine  
  119  10:39  Marauder x2  
  119  10:40  Medivac  
  119  10:41  Medivac  
  135  10:49  Command Center  
  135  10:53  Supply Depot  
  135  10:54  Supply Depot, Marine x2  
  135  10:56  Supply Depot  
  137  10:57  Supply Depot  
  137  11:00  Marauder  
  137  11:01  Marauder  
  141  11:10  SCV x3  
  144  11:37  Marine x2  
  144  11:38  Sensor Tower, Marine x7  
  144  11:39  Marine  
  154  11:55  Marine x4  
  154  11:56  Medivac x2, Marine x3  
  154  11:57  Marauder x2  
  169  12:06  Marine  
  170  12:13  Marine x4  
  174  12:16  Factory  
  174  12:17  Factory  
  174  12:18  Factory  
  174  12:20  Factory  
  174  12:28  Factory  
Show
View Real Time Build Order
Export as new Build Order

Complex Terran 

Build Orders: MMM Bio 

Get SALT Encoding   

  12  0:01  SCV  
  13  0:13  SCV  
  14  0:17  Supply Depot  
  14  0:25  SCV  
  15  0:34  Refinery  
  15  0:39  SCV  
  16  0:45  Barracks  
  16  0:51  SCV  
  17  1:03  SCV  
  18  1:15  SCV  
  19  1:39  Barracks Reactor  
  20  1:41  Orbital Command  
  20  1:45  Command Center  
  19  1:56  Supply Depot  
  19  1:58  Refinery  
  19  2:07  SCV  
  20  2:15  Barracks  
  20  2:16  Marine  
  20  2:17  Marine  
  20  2:20  SCV  
  22  2:46  SCV  
  22  2:48  Marine  
  24  2:59  SCV  
  24  3:00  Barracks, Orbital Command  
  24  3:02  Barracks  
  25  3:12  Factory  
  25  3:18  SCV  
  26  3:22  Marine x2  
  28  3:27  Barracks Tech Lab  
  28  3:32  SCV x2  
  30  3:42  Marine  
  30  3:43  Marine  
  30  3:46  SCV x2  
  34  3:49  Barracks Reactor  
  34  3:53  Combat Shields  
  34  3:56  Barracks Reactor  
  34  4:01  Starport  
  34  4:02  Marine x2  
  35  4:09  Marine  
  37  4:11  SCV x2  
  39  4:25  SCV x2  
  39  4:30  Liberator  
  41  4:31  Marine x3  
  41  4:32  Factory Tech Lab, Marine x2  
  46  4:40  Marine  
  46  4:42  Supply Depot  
  46  4:44  Marine  
  46  4:45  Supply Depot  
  48  4:49  Marine  
  52  4:58  Marine x2  
  54  5:03  SCV x2, Siege Tank, Marine x2  
  61  5:08  Supply Depot  
  61  5:30  Marine  
  62  5:36  Supply Depot  
  62  5:57  Siege Tank, Marine x5  
  70  6:11  Supply Depot  
  70  6:13  Supply Depot  
  70  6:17  Liberator  
  70  6:26  Engineering Bay  
  70  6:29  Stimpack  
  70  6:34  SCV x2, Marine x3  
  78  6:51  Terran Infantry Weapons Level 1  
  78  6:54  Missile Turret  
  78  6:59  Refinery  
  78  7:03  Supply Depot  
  78  7:04  Supply Depot  
  78  7:11  SCV, Siege Tank, Marine x6  
  78  7:12  SCV  
  78  7:14  Supply Depot  
  89  7:17  Medivac  
  91  7:22  Supply Depot  
  91  7:58  Command Center  
  91  8:03  Starport Reactor  
  91  8:04  Siege Tank  
  94  8:08  SCV x2  
  96  8:15  Factory  
  96  8:16  Marine x4  
  96  8:17  Marine  
  96  8:18  Marine x2  
  103  8:20  SCV x2  
  103  8:21  Factory  
  104  8:34  SCV x2  
  106  8:53  Marine x5  
  106  8:54  Marine x2  
  106  8:55  Siege Tank, Medivac x2  
  120  9:16  Marine x5  
  120  9:17  Marine  
  125  9:20  Terran Infantry Armor Level 1  
  125  9:23  Armory, Engineering Bay  
  126  9:28  SCV x2, Missile Turret  
  126  9:29  Orbital Command  
  98  10:10  Marine, Medivac x2  
  98  10:11  Marine x5  
  98  10:12  Marine  
  98  10:14  Siege Tank  
  112  10:21  Factory Tech Lab x2  
  112  10:28  Refinery  
  112  10:37  Marine x4  
  112  10:38  Marine x3  
  119  10:46  Supply Depot, Siege Tank  
  122  10:51  Terran Infantry Weapons Level 2  
  122  10:55  Marine  
  122  10:56  Missile Turret  
  123  10:57  SCV x3, Missile Turret  
  126  11:06  Barracks  
  126  11:11  Supply Depot  
  126  11:19  Terran Vehicle Weapons Level 1  
  125  11:36  Marine x3  
  125  11:37  Marine x4  
  125  11:38  Siege Tank  
  135  11:41  Medivac  
  135  11:44  SCV x3  
  140  11:53  Refinery  
  140  11:54  Marine  
  140  11:56  Barracks Tech Lab, Marine  
  140  11:57  Refinery, Marine x4  
  140  12:00  Siege Tank  
  149  12:03  Supply Depot  
  149  12:04  Supply Depot  
  149  12:10  SCV x3  
  152  12:19  Command Center  
  152  12:22  SCV  
  153  12:32  Marine, Medivac x2  
  153  12:33  Marine x6  
Tags
 
Add a new tag
Caveats
  • Supply blocks, unpowered buildings, or Contaminate may cause inaccurate times.
  • Supply counts are checked every 10 seconds.